 Dungeon Crawl Stone Soup version 0.23-a0-756-g517b432 (webtiles) character file.

32 HungryMoth the Digger (level 3, 0/24 HPs)
             Began as a Formicid Earth Elementalist on Jan 18, 2019.
             Slain by Terence
             ... wielding a +0 mace
              (2 damage)
             ... on level 2 of the Dungeon.
             The game lasted 00:07:09 (1454 turns).

HungryMoth the Digger (Formicid Earth Elementalist) Turns: 1454, Time: 00:07:09

Health: 0/24       AC:  3    Str: 12    XL:     3   Next: 42%
Magic:  0/7        EV: 12    Int: 15    God:
Gold:   62         SH:  2    Dex: 11    Spells: 1/7 levels left

rFire    . . .     SeeInvis +   e - +0 club
rCold    . . .     Gourm    .   (no shield)
rNeg     . . .     Faith    .   c - +0 robe
rPois    .         Spirit   .   (helmet unavailable)
rElec    .         Reflect  +   (no cloak)
rCorr    .         Harm     .   l - +0 pair of gloves
MR       +....                  (no boots)
Stlth    ++........             g - +2 amulet of reflection
HPRegen  0.08/turn              h - ring of protection from magic
MPRegen  0.10/turn              (no ring)

@: no status effects
A: permanent stasis, dig shafts and tunnels, four strong arms, antennae 3
a: Dig, Shaft Self


You were on level 2 of the Dungeon.
You were not hungry.

You visited 1 branch of the dungeon, and saw 2 of its levels.

You collected 62 gold pieces.

Inventory:

Hand Weapons
 e - a +0 club (weapon)
Missiles
 b - 27 stones (quivered)
Armour
 c - a +0 robe (worn)
 l - a +0 pair of gloves (worn)
Jewellery
 g - a +2 amulet of reflection (around neck)
 h - a ring of protection from magic (left hand)
Scrolls
 a - a scroll of fog {unknown}
 j - 2 scrolls of remove curse {unknown}
Potions
 i - 2 potions of mutation {unknown}
 k - 2 potions of curing {unknown}
 m - a potion of lignification {unknown}
Comestibles
 d - a ration
 f - 2 chunks of flesh


   Skills:
 - Level 1.7 Dodging
 - Level 2.4 Stealth
 * Level 2.9 Spellcasting
 + Level 1.1 Transmutations
 + Level 4.5 Earth Magic


You had one spell level left.
You knew the following spells:

 Your Spells              Type           Power        Failure   Level  Hunger
a - Sandblast             Erth           ###...       3%          1    #......
b - Passwall              Tmut/Erth      ##......     10%         2    ##.....
c - Stone Arrow           Conj/Erth      #.....       24%         3    ###....

Your spell library contained the following spells:

 Spells                   Type           Power        Failure   Level  Hunger
 Petrify                  Tmut/Erth      ##......     52%         4    #####..
 Lee's Rapid Deconstruct  Erth           ###.......   65%         5    ######.


Dungeon Overview and Level Annotations

Branches:
Dungeon (2/15)

Altars:

Annotations:
D:2 Terence


Innate Abilities, Weirdness & Mutations

You cannot be hasted, slowed, berserked, paralysed or teleported.
You can dig through walls and to a lower floor.
Your four strong arms can wield two-handed weapons with a shield.
You have a pair of large antennae on your head. (SInv)


Message History

Terence misses you.
Casting: Sandblast (safe; 3% risk of failure)
Confirm with . or Enter, or press ? or * to list all spells.
Aiming: Sandblast (safe; 3% risk of failure)
Press: ? - help, Shift-Dir - straight line, f/p - Terence
Aim: Terence, wielding a +0 mace and wearing a +0 chain mail (almost dead)
The blast of sand hits Terence.
Terence is almost dead.
b - 28 stones Terence closely misses you.
Casting: Sandblast (safe; 3% risk of failure)
Confirm with . or Enter, or press ? or * to list all spells.
Aiming: Sandblast (safe; 3% risk of failure)
Press: ? - help, Shift-Dir - straight line, f/p - Terence
Aim: Terence, wielding a +0 mace and wearing a +0 chain mail (almost dead)
The blast of sand hits Terence.
Terence is almost dead.
b - 27 stones Terence hits you with a +0 mace.
You die...

#.............##.#
##.###.##..##.##.#
#.##..##....#
..##..##.##.#
#####..##.##@#
#..##.##.# #######
#..##^##>#
......###........#
###...@@....####
#...รท....##.#
#.#########.#####
#.# #.....# #.#
#####.# #.# #.#
#.# #.# #.#####
#.# #.....# #.#


You could see Terence.

Vanquished Creatures
  A dart slug (D:1)
  2 giant cockroaches (D:1)
  A goblin (D:1)
  5 hobgoblins (D:1)
  2 jackals (D:1)
  3 kobolds (D:1)
  A quokka (D:2)
  3 ball pythons (D:1)
  5 bats
  4 frilled lizards
  2 rats
29 creatures vanquished.

Notes
Turn   | Place    | Note
-------+----------+-------------------------------------------
     0 | D:1      | HungryMoth the Formicid Earth Elementalist began the quest
                  | for the Orb.
     0 | D:1      | Reached XP level 1. HP: 13/13 MP: 3/3
   326 | D:1      | Reached skill level 4 in Earth Magic
   326 | D:1      | Reached XP level 2. HP: 19/19 MP: 3/5
   335 | D:1      | Learned a level 2 spell: Passwall
   720 | D:1      | Reached XP level 3. HP: 24/24 MP: 5/7
   728 | D:1      | Learned a level 3 spell: Stone Arrow
  1340 | D:2      | Noticed Terence
  1432 | D:2      | HP: 1/24 [Terence/+0 mace (4)]
  1454 | D:2      | Slain by Terence

Vault maps used:
D:1:      saegor_arrival_simple_e, chequers_serial_rivers_micro_d
D:2:      uniq_crazy_yiuf_cottage, uniq_terence

Skill      XL: |  1 |
---------------+----+-----
Earth Magic    | 4 |  4.5
Dodging        | |  1.7
Stealth        | |  2.4
Spellcasting   | |  2.9
Transmutations | |  1.1

Action                   || total
-------------------------++-------
Melee: Unarmed           ||    38
       Club              ||    69
 Cast: Sandblast         ||    25
       Stone Arrow       ||     8
 Stab: Sleeping          ||     2
  Eat: Chunk             ||     3
Armor: Robe              ||    29
Dodge: Dodged            ||    86
Block: Other             ||     5

Table legend:
 A = Non-vault XP
 B = Vault XP
 C = Vault XP percentage of total XP
 D = Non-vault monster count
 E = Vault monster count
 F = Vault count percentage of total count
                 A         B        C        D         E       F
            +---------+---------+-------+---------+---------+-------
      Total |      46 |       0 |   0.0 |      29 |       0 |   0.0
            +---------+---------+-------+---------+---------+-------
        D:1 |      41 |       0 |   0.0 |      25 |       0 |   0.0
        D:2 |       5 |       0 |   0.0 |       4 |       0 |   0.0
            +---------+---------+-------+---------+---------+-------
